[Event "Titled Tuesday Blitz May 17 Late 2022"]
[White "Pap, Gyula"]
[Black "Matinian, Nikita"]
[WhiteFideId "725323"]
[BlackFideId "24129100"]
[WhiteElo "2553"]
[BlackElo "2422"]
[Result "1-0"]
[Round "08"]
[TimeControl "180+1"]
[Date "2022.05.17"]
[WhiteClock "0:00:08"]
[BlackClock "0:00:08"]

1. d4 Nf6 2. c4 g6 3. Nc3 Bg7 4. e4 O-O 5. Be2 d6 6. Bg5 Na6 7. Qd2 c6 8. h4 h5 9. f3 Nc7 10. Nh3 Bxh3 11. Rxh3 Ne6 12. Be3 c5 13. dxc5 Nxc5 14. O-O-O Rc8 15. Kb1 a6 16. e5 Nfd7 17. exd6 exd6 18. Nd5 Re8 19. Bg5 f6 20. Bf4 Ne5 21. Rg3 Ncd7 22. Be3 Nf8 23. Rc1 Qd7 24. Bd3 Qf7 25. Nb6 Rcd8 26. Be4 Kh7 27. Bd5 Qc7 28. Bd4 Ne6 29. Bxe6 Rxe6 30. Nd5 Qf7 31. Nf4 Ree8 32. Nd5 Bh6 33. f4 Re6 34. Qc2 f5 35. fxe5 dxe5 36. Be3 f4 37. Rf3 Qf5 38. Bg1 e4 39. Rff1 Rd7 40. Rce1 b5 41. Nc3 Rde7 42. Nd5 Rb7 43. Rxe4 bxc4 44. Rxe6 Qxe6 45. Nc3 Bg7 46. Rc1 Qc6 47. Ka1 f3 48. gxf3 Qxf3 49. Bc5 Qg4 50. Ba3 Qxh4 51. Qe4 Qxe4 52. Nxe4 Bh6 53. Rxc4 g5 54. Rc6 Rf7 55. b3 g4 56. Nf6+ Kg6 57. Nxg4+ Kg5 58. Nxh6 Rf1+ 59. Bc1+ Kh4 60. Rc4+ Kh3 61. Kb2 h4 62. Bd2 Rf2 63. Kc3 Kg3 64. Rc5 h3 65. Nf5+ Kg4 66. Ne3+ Kf3 67. Rf5+ Ke2 68. Rxf2+ Kxf2 69. Ng4+ Kg3 70. Nh2 Kxh2 71. Bf4+ Kg2 72. Bb8 Kf3 73. Kb4 Ke4 74. Ka5 Kd5 75. Kxa6 Kc6 76. Bh2 Kd7 77. b4 Kc8 78. b5 1-0


[Site "https://www.chess.com"]

[Event "Titled Tuesday Blitz May 17 Late 2022"]
[White "Pichot, Alan"]
[Black "Sadhwani, Raunak"]
[WhiteFideId "110973"]
[BlackFideId "35093487"]
[WhiteElo "2579"]
[BlackElo "2616"]
[Result "1/2-1/2"]
[Round "08"]
[TimeControl "180+1"]
[Date "2022.05.17"]
[WhiteClock "0:01:05"]
[BlackClock "0:01:24"]

1. e4 e5 2. Nf3 Nc6 3. Bb5 Nge7 4. Nc3 Ng6 5. h4 Be7 6. h5 Nh4 7. Nxh4 Bxh4 8. Qg4 Bf6 9. Nd5 a6 10. Bxc6 bxc6 11. Nxf6+ Qxf6 12. d3 d6 13. Qg3 O-O 14. O-O Qe6 15. f4 f5 16. fxe5 Qxe5 17. Qxe5 dxe5 18. exf5 Bxf5 19. Be3 h6 20. Rf3 1/2-1/2


[Site "https://www.chess.com"]

[Event "Titled Tuesday Blitz May 17 Late 2022"]
[White "Pinheiro, Iung Alicio de O."]
[Black "Wagner, Dennis"]
[WhiteFideId "2104350"]
[BlackFideId "24650684"]
[WhiteElo "2283"]
[BlackElo "2355"]
[Result "0-1"]
[Round "08"]
[TimeControl "180+1"]
[Date "2022.05.17"]
[WhiteClock "0:00:04"]
[BlackClock "0:00:58"]

1. c4 g6 2. g3 Bg7 3. Bg2 c5 4. Nc3 Nc6 5. a3 Rb8 6. Rb1 b6 7. e4 e6 8. Nge2 Nge7 9. O-O O-O 10. b4 d6 11. d3 Bb7 12. Bf4 Rc8 13. Qd2 Qd7 14. Bh6 Bxh6 15. Qxh6 Nd4 16. Nxd4 cxd4 17. Ne2 e5 18. Bh3 f5 19. b5 Qc7 20. f3 Rf7 21. a4 Rcf8 22. Ra1 Qc5 23. Rfb1 Bc8 24. Kh1 Kh8 25. a5 Ng8 26. Qh4 fxe4 27. Bxc8 exf3 28. Be6 Rf6 29. Bxg8 Kxg8 30. Ng1 f2 31. axb6 axb6 32. Rf1 fxg1=Q+ 33. Kxg1 Rxf1+ 34. Rxf1 Rxf1+ 35. Kxf1 Qc8 36. Qe7 Qf8+ 37. Qxf8+ Kxf8 38. Kf2 Kf7 39. Kf3 Kf6 40. Ke4 Ke6 41. h3 h6 42. h4 h5 43. Kf3 d5 0-1


[Site "https://www.chess.com"]

[Event "Titled Tuesday Blitz May 17 Late 2022"]
[White "Popilski, Gil"]
[Black "Babazada, Khazar"]
[WhiteFideId "2809060"]
[BlackFideId "13413554"]
[WhiteElo "2537"]
[BlackElo "2406"]
[Result "0-1"]
[Round "08"]
[TimeControl "180+1"]
[Date "2022.05.17"]
[WhiteClock "0:00:18"]
[BlackClock "0:01:10"]

1. e4 g6 2. d4 Bg7 3. Nf3 d6 4. Be2 Nf6 5. Nc3 O-O 6. O-O Bg4 7. Bg5 Nbd7 8. h3 Bxf3 9. Bxf3 e5 10. dxe5 dxe5 11. Qe2 c6 12. a4 Qc7 13. Rfd1 Nc5 14. Be3 Ne6 15. Qc4 Rfd8 16. Ne2 Ne8 17. c3 Nd6 18. Qb3 h5 19. h4 Kh7 20. g3 Bh6 21. Bxh6 Kxh6 22. a5 g5 23. hxg5+ Nxg5 24. Kg2 Qe7 25. Qb4 Qf6 26. Ng1 h4 27. Bg4 Ndxe4 28. f4 exf4 29. gxh4 f3+ 30. Nxf3 Nxf3 31. Qxe4 Nxh4+ 32. Kh3 Ng6 33. Rxd8 Rxd8 34. a6 Qh4+ 35. Kg2 Rd2+ 0-1


[Site "https://www.chess.com"]

[Event "Titled Tuesday Blitz May 17 Late 2022"]
[White "Riehle, Marco"]
[Black "Steinberg, Nitzan"]
[WhiteFideId "12904392"]
[BlackFideId "2801795"]
[WhiteElo "2462"]
[BlackElo "2471"]
[Result "1-0"]
[Round "08"]
[TimeControl "180+1"]
[Date "2022.05.17"]
[WhiteClock "0:00:19"]
[BlackClock "0:00:08"]

1. e4 c5 2. a3 Nf6 3. e5 Nd5 4. c4 Nc7 5. b4 d6 6. exd6 exd6 7. Bb2 Ne6 8. Nf3 Be7 9. Be2 O-O 10. O-O Bf6 11. Bxf6 Qxf6 12. Nc3 Nc6 13. Nd5 Qh6 14. b5 Ncd4 15. Re1 Kh8 16. a4 Bd7 17. a5 Rae8 18. Ra3 f5 19. Nxd4 Nxd4 20. Re3 f4 21. Rxe8 Rxe8 22. Bd3 Qg5 23. Rxe8+ Bxe8 24. Be4 h5 25. h3 Bf7 26. d3 g6 27. b6 axb6 28. axb6 Be6 29. Kh2 Qe5 30. f3 Qg5 31. Qe1 Kg7 32. Nc7 Bd7 33. Bxb7 Nf5 34. Be4 Ne3 35. Qf2 Nd1 36. Qe1 Ne3 37. Qf2 Nd1 38. Qe2 Qg3+ 39. Kg1 Ne3 40. b7 Bxh3 41. b8=Q Bxg2 42. Qbb2+ Kh7 43. Qxg2 Qe1+ 44. Kh2 Qh4+ 45. Qh3 Nf1+ 46. Kg2 Ne3+ 47. Kh2 Nf1+ 48. Kg1 Qxh3 49. Qg2 Qg3 50. Kxf1 Kh6 51. Qxg3 fxg3 52. Kg2 h4 53. f4 Kh5 54. Bf3+ Kh6 55. Ne6 Kh7 56. Kh3 Kg8 57. Kxh4 Kf7 58. Kxg3 Kf6 59. Bd5 Kf5 60. Kf3 Kf6 61. Kg4 Ke7 62. Kg5 Kf7 63. Nc7+ Ke7 64. Nb5 1-0


[Site "https://www.chess.com"]

[Event "Titled Tuesday Blitz May 17 Late 2022"]
[White "Rychagov, Andrey"]
[Black "Kruckenhauser, Arthur"]
[WhiteFideId "4119932"]
[BlackFideId "1642812"]
[WhiteElo "2500"]
[BlackElo "2243"]
[Result "0-1"]
[Round "08"]
[TimeControl "180+1"]
[Date "2022.05.17"]
[WhiteClock "0:00:02"]
[BlackClock "0:00:07"]

1. d4 Nf6 2. c4 e6 3. Nf3 d5 4. Nc3 Bb4 5. Qa4+ Nc6 6. e3 O-O 7. Bd2 Re8 8. Rd1 a6 9. Qc2 Bf8 10. a3 e5 11. dxe5 Nxe5 12. cxd5 Nxf3+ 13. gxf3 Nxd5 14. Bc4 Nf4 15. Ne4 Ng2+ 16. Ke2 b5 17. Ba2 c5 18. Rhg1 Bh3 19. Bc3 Qh4 20. Rd5 Rad8 21. Rg5 Rxe4 22. R5xg2 Bxg2 23. Rxg2 Ree8 24. Qf5 Qe7 25. Bd5 Rd6 26. e4 Red8 27. Kf1 g6 28. Qf4 Bg7 29. h4 Bxc3 30. bxc3 Rxd5 31. exd5 Rxd5 32. Rg5 Rxg5 33. hxg5 c4 34. Kg2 Qxa3 35. Qb8+ Qf8 36. Qa7 Qc8 37. Qe7 Qe6 38. Qd8+ Kg7 39. Qd4+ f6 40. Qa7+ Kg8 41. Qb8+ Kf7 42. Qa7+ Qe7 43. Qxa6 fxg5 44. Qxb5 Qe6 45. Qxg5 h5 46. Qf4+ Kg7 47. Qd4+ Kh7 48. Qa7+ Kh6 49. Qe3+ Qxe3 50. fxe3 Kg5 51. Kg3 Kf5 52. Kh4 Kf6 53. e4 Ke6 54. Kg5 Ke5 55. Kh4 Kf4 56. Kh3 g5 57. Kg2 g4 58. fxg4 hxg4 59. e5 Kxe5 60. Kg3 Ke4 0-1


[Site "https://www.chess.com"]

[Event "Titled Tuesday Blitz May 17 Late 2022"]
[White "Salem, A.R. Saleh"]
[Black "Izoria, Zviad"]
[WhiteFideId "9301348"]
[BlackFideId "13601733"]
[WhiteElo "2679"]
[BlackElo "2626"]
[Result "1-0"]
[Round "08"]
[TimeControl "180+1"]
[Date "2022.05.17"]
[WhiteClock "0:01:07"]
[BlackClock "0:00:46"]

1. d4 d6 2. e4 g6 3. c4 e5 4. Nf3 exd4 5. Nxd4 Bg7 6. Nc3 Nc6 7. Be3 Nge7 8. h4 f5 9. h5 fxe4 10. hxg6 hxg6 11. Rxh8+ Bxh8 12. Nxe4 Bf5 13. Ng3 Qd7 14. Ngxf5 Nxf5 15. Nxf5 Qxf5 16. Bd3 Qe6 17. Be2 Qe4 18. Bf3 Qxc4 19. Rc1 Qa6 20. Qb3 O-O-O 21. Rxc6 bxc6 22. Bg4+ Rd7 23. Qg8+ Kb7 24. Bxd7 1-0


[Site "https://www.chess.com"]

[Event "Titled Tuesday Blitz May 17 Late 2022"]
[White "Santos Ruiz, Miguel"]
[Black "Solon, Nathan"]
[WhiteFideId "22291482"]
[BlackFideId "2017229"]
[WhiteElo "2486"]
[BlackElo "2574"]
[Result "1-0"]
[Round "08"]
[TimeControl "180+1"]
[Date "2022.05.17"]
[WhiteClock "0:00:19"]
[BlackClock "0:00:22"]

1. g3 d5 2. Bg2 e5 3. d3 Nf6 4. Nf3 Nc6 5. O-O Be7 6. a3 a5 7. Nc3 d4 8. Na2 O-O 9. c4 h6 10. Nd2 Bf5 11. Rb1 Qd7 12. Re1 Rfe8 13. b4 axb4 14. Nxb4 Bxb4 15. axb4 e4 16. dxe4 Nxe4 17. Nxe4 Bxe4 18. Bxe4 Rxe4 19. b5 Ne5 20. f3 Qh3 21. Bf4 Rxf4 22. gxf4 Ng6 23. Qxd4 Re8 24. Kh1 Re6 25. Ra1 Kh7 26. c5 Rf6 27. Ra8 Nxf4 28. Rg1 Nxe2 29. Qe4+ g6 30. Qxe2 1-0


[Site "https://www.chess.com"]

[Event "Titled Tuesday Blitz May 17 Late 2022"]
[White "Shimanov, Aleksandr"]
[Black "Gabrielian, Artur"]
[WhiteFideId "4198603"]
[BlackFideId "4131002"]
[WhiteElo "2605"]
[BlackElo "2440"]
[Result "0-1"]
[Round "08"]
[TimeControl "180+1"]
[Date "2022.05.17"]
[WhiteClock "0:00:42"]
[BlackClock "0:01:03"]

1. d4 Nf6 2. Nc3 d5 3. Bf4 g6 4. Nb5 Na6 5. e3 Bg7 6. h3 O-O 7. Nf3 c6 8. Nc3 Nc7 9. Bd3 Nce8 10. O-O Nd6 11. Ne5 Bf5 12. a4 Bxd3 13. cxd3 Nd7 14. b4 f6 15. Nxd7 Qxd7 16. Qb3 e5 17. dxe5 fxe5 18. Bh2 a6 19. e4 Kh8 20. exd5 Nf5 21. dxc6 Qxc6 22. Ne4 Nd4 23. Qd1 Rad8 24. Rc1 Qxc1 25. Qxc1 Ne2+ 26. Kh1 Nxc1 27. Rxc1 Rxd3 28. f3 Rfd8 29. Bg1 Bh6 30. Rc7 R3d7 31. Rc3 Rd1 32. Kh2 Rc1 33. Rxc1 Bxc1 34. h4 Bb2 35. Bb6 Rc8 36. a5 Bd4 37. Nc5 Bxc5 38. Bxc5 Kg7 39. Kg3 Kf6 40. Kg4 h5+ 41. Kg3 Kf5 42. Kf2 e4 43. Ke3 exf3 44. Kxf3 Re8 45. g3 Re4 46. Bf8 Rc4 47. Bc5 Rc3+ 48. Kf2 Kg4 49. Bd6 Rd3 50. Bf4 Rf3+ 0-1


[Site "https://www.chess.com"]

[Event "Titled Tuesday Blitz May 17 Late 2022"]
[White "Suleymanli, Aydin"]
[Black "Bok, Benjamin"]
[WhiteFideId "13413937"]
[BlackFideId "1017063"]
[WhiteElo "2481"]
[BlackElo "2658"]
[Result "1-0"]
[Round "08"]
[TimeControl "180+1"]
[Date "2022.05.17"]
[WhiteClock "0:00:05"]
[BlackClock "0:00:02"]

1. e4 c5 2. Nc3 d6 3. d4 cxd4 4. Qxd4 Nc6 5. Qd2 g6 6. b3 Bh6 7. f4 Nf6 8. Bb2 O-O 9. O-O-O a5 10. Kb1 a4 11. bxa4 Be6 12. Nf3 Qa5 13. Ng5 Bxg5 14. fxg5 Nd7 15. Bb5 Nc5 16. h4 Ne5 17. h5 Rac8 18. hxg6 fxg6 19. Nd5 Qd8 20. Qe3 Bxd5 21. Rxd5 Qc7 22. Qh3 Rf7 23. Ka1 Nxe4 24. Re1 Qxc2 25. Rxe4 Qxe4 26. Qxc8+ Kg7 27. Rd1 Qxg2 28. Qe6 Qxg5 29. Bc4 Rf2 30. Qg8+ Kh6 31. Rh1+ Qh5 32. Bc1+ g5 33. Qxg5# 1-0


[Site "https://www.chess.com"]

[Event "Titled Tuesday Blitz May 17 Late 2022"]
[White "Svane, Rasmus"]
[Black "Kamsky, Gata"]
[WhiteFideId "4657101"]
[BlackFideId "2000024"]
[WhiteElo "2674"]
[BlackElo "2645"]
[Result "0-1"]
[Round "08"]
[TimeControl "180+1"]
[Date "2022.05.17"]
[WhiteClock "0:00:07"]
[BlackClock "0:00:27"]

1. Nf3 Nf6 2. d4 d5 3. c3 Bf5 4. Qb3 Qc8 5. c4 e6 6. cxd5 exd5 7. Nc3 c6 8. Bf4 Be7 9. Rc1 O-O 10. e3 Nbd7 11. h3 h6 12. Be2 Re8 13. O-O a6 14. a4 Ra7 15. Ne5 Qd8 16. Nd3 a5 17. Rfd1 Qb6 18. Qa2 Bf8 19. Bf1 Raa8 20. Ne2 Ne4 21. Ng3 Nxg3 22. Bxg3 Nf6 23. Rc3 Ne4 24. Rb3 Qd8 25. Be5 Ra7 26. Qa1 Bd6 27. Qc1 f6 28. Bxd6 Nxd6 29. Rc3 g5 30. Nc5 Ra8 31. Bd3 Bxd3 32. Rcxd3 Qe7 33. Qb1 f5 34. Rc3 Ne4 35. Nxe4 fxe4 36. Rc5 Rf8 37. b4 axb4 38. Qxb4 Rf7 39. Rd2 h5 40. Rb2 g4 41. Ra5 Rxa5 42. Qxa5 gxh3 43. gxh3 Kh7 44. Kf1 Qh4 45. Re2 Qxh3+ 46. Ke1 Qh1+ 47. Kd2 Qb1 48. Qd8 Rg7 49. Kc3 Qd3+ 50. Kb4 Qxe2 0-1


[Site "https://www.chess.com"]

[Event "Titled Tuesday Blitz May 17 Late 2022"]
[White "Tanenbaum, Zachary"]
[Black "Chigaev, Maksim"]
[WhiteFideId "2060850"]
[BlackFideId "4108116"]
[WhiteElo "2168"]
[BlackElo "2457"]
[Result "0-1"]
[Round "08"]
[TimeControl "180+1"]
[Date "2022.05.17"]
[WhiteClock "0:00:03"]
[BlackClock "0:00:29"]

1. e3 d5 2. c4 e6 3. Nf3 Nf6 4. Nc3 c6 5. d4 Nbd7 6. Bd3 Bd6 7. O-O O-O 8. e4 dxc4 9. Bxc4 e5 10. Bg5 Qc7 11. Bxf6 Nxf6 12. dxe5 Bxe5 13. Nxe5 Qxe5 14. h3 Be6 15. Bxe6 Qxe6 16. Qe2 Rfe8 17. Rae1 Rad8 18. f4 Qe7 19. Qf2 Qb4 20. e5 Nd5 21. Ne4 Qb6 22. Qxb6 Nxb6 23. Nd6 Re7 24. f5 Nc8 25. f6 gxf6 26. Nxc8 Rxc8 27. exf6 Re6 28. Rd1 a5 29. Rd7 b5 30. Rf5 h6 31. Rd4 Kh7 32. Rg4 Rg8 33. Rxg8 Kxg8 34. Kf2 Kh7 35. Rf3 Kg6 36. Rg3+ Kxf6 37. a4 Re4 38. Rc3 Rxa4 39. Rxc6+ Kg7 40. Rb6 Rb4 41. Ra6 Rxb2+ 42. Kf3 a4 0-1


[Site "https://www.chess.com"]

[Event "Titled Tuesday Blitz May 17 Late 2022"]
[White "Tisaj, Domen"]
[Black "Mikhailov, Viacheslav"]
[WhiteFideId "14628708"]
[BlackFideId "4187369"]
[WhiteElo "2326"]
[BlackElo "2381"]
[Result "0-1"]
[Round "08"]
[TimeControl "180+1"]
[Date "2022.05.17"]
[WhiteClock "0:00:04"]
[BlackClock "0:00:40"]

1. d4 Nf6 2. c4 g6 3. Nc3 Bg7 4. e4 O-O 5. f3 d6 6. Be3 e5 7. Nge2 exd4 8. Nxd4 Nc6 9. Be2 Nxd4 10. Bxd4 Be6 11. O-O Nd7 12. Rc1 Bxd4+ 13. Qxd4 Qf6 14. Qxf6 Nxf6 15. Nd5 Bxd5 16. cxd5 Rac8 17. Bb5 Rfd8 18. Rc2 a6 19. Ba4 b5 20. Bb3 Nd7 21. Rc6 Nc5 22. Bc2 a5 23. a3 b4 24. axb4 axb4 25. Ra1 Ra8 26. Rc1 Ra7 27. b3 Rb8 28. e5 Ra6 29. Rxc7 Rb5 30. Bd1 Nd3 31. e6 fxe6 32. Rc8+ Kg7 33. R1c7+ Kh6 34. dxe6 Ra1 35. Kf1 Re5 36. Rc1 Re1# 0-1


[Site "https://www.chess.com"]

[Event "Titled Tuesday Blitz May 17 Late 2022"]
[White "Tristan, Leonardo"]
[Black "Paravyan, David"]
[WhiteFideId "113816"]
[BlackFideId "4194985"]
[WhiteElo "2404"]
[BlackElo "2569"]
[Result "1-0"]
[Round "08"]
[TimeControl "180+1"]
[Date "2022.05.17"]
[WhiteClock "0:00:06"]
[BlackClock "0:00:04"]

1. d4 Nf6 2. Nf3 g6 3. Bf4 Bg7 4. e3 O-O 5. Be2 c5 6. c3 Qb6 7. Qb3 d6 8. O-O Be6 9. Qxb6 axb6 10. a3 Nc6 11. h3 Na5 12. Nbd2 Rfc8 13. Rfe1 Bd7 14. Bh2 b5 15. dxc5 dxc5 16. e4 Ne8 17. Ne5 Bxe5 18. Bxe5 Nd6 19. Rad1 Bc6 20. Bxd6 exd6 21. b4 Nc4 22. Bxc4 bxc4 23. Nxc4 cxb4 24. axb4 Ba4 25. Nb6 Bxd1 26. Rxd1 Kf8 27. Nxa8 Rxa8 28. Rxd6 Rc8 29. Rd3 Ke7 30. Kf1 Ra8 31. Ke2 Ra2+ 32. Ke3 Rc2 33. h4 h5 34. g3 Ke6 35. f4 f6 36. Kd4 Kd6 37. Kc4+ Kc6 38. b5+ Kc7 39. Kc5 b6+ 40. Kd5 Kd7 41. e5 fxe5 42. Kxe5+ Ke7 43. Re3 Rf2 44. c4 Rf1 45. Ra3 Re1+ 46. Kd5 Kf6 47. c5 bxc5 48. Kxc5 Ke6 49. b6 Rc1+ 50. Kb5 Kd7 51. Ka6 Kc6 52. b7 Rb1 53. Rc3+ Kd6 54. Ka7 Ra1+ 55. Kb8 Kd7 56. Rd3+ Ke7 57. Rd5 Ra2 58. Kc7 Rc2+ 59. Kb6 Ke6 60. Rc5 Rb2+ 61. Rb5 Rxb5+ 62. Kxb5 g5 63. hxg5 1-0


[Site "https://www.chess.com"]

[Event "Titled Tuesday Blitz May 17 Late 2022"]
[White "Urbina Perez, Juan Antonio"]
[Black "Nazari, Arad"]
[WhiteFideId "2217368"]
[BlackFideId "12577324"]
[WhiteElo "2192"]
[BlackElo "2129"]
[Result "0-1"]
[Round "08"]
[TimeControl "180+1"]
[Date "2022.05.17"]
[WhiteClock "0:00:01"]
[BlackClock "0:00:07"]

1. d4 Nf6 2. Nf3 g6 3. g3 Bg7 4. Bg2 O-O 5. O-O d5 6. a4 c6 7. b3 a5 8. Bb2 b6 9. Re1 Ne4 10. Nc3 Nxc3 11. Bxc3 c5 12. Qd2 Nc6 13. dxc5 bxc5 14. Bxg7 Kxg7 15. Rad1 e6 16. e4 d4 17. e5 Bb7 18. h4 h5 19. Qf4 Nb4 20. Nxd4 cxd4 21. Bxb7 Ra7 22. Be4 Rd7 23. Bd3 Qe7 24. Bb5 Rc7 25. Bd3 Rd8 26. Rd2 Rc5 27. Red1 Nd5 28. Qxd4 Nc3 29. Qf4 Nxd1 30. Rxd1 Rcd5 31. Re1 Rd4 32. Qf3 Rc8 33. Re4 Rxe4 34. Bxe4 Rc5 35. Qf4 Qd8 36. Bd3 Kg8 37. Qf3 Rxe5 38. Kh2 Kg7 39. Qf4 Qf6 40. Qd4 Re1 41. Qc5 Re5 42. Qc3 Rf5 43. Qxf6+ Rxf6 44. f4 e5 45. fxe5 Re6 46. Kg2 Rxe5 47. Kf3 f5 48. c3 Kf6 49. b4 Rd5 50. Ke3 Ke5 51. b5 Rd8 52. c4 Kd6 53. Kd4 Kc7+ 54. Kc3 Kb6 55. Be2 Kc5 56. Bf3 Re8 57. Kd3 Rd8+ 58. Bd5 Re8 59. Bf7 Rd8+ 60. Bd5 Rd7 61. Ke3 Rd6 62. Kf4 Kb4 63. Bf7 Kxa4 64. c5 Rd4+ 65. Kg5 Kxb5 66. Bxg6 Kxc5 67. Kxh5 f4 68. gxf4 Rxf4 69. Kg5 Rf1 70. h5 Rg1+ 71. Kf6 a4 72. h6 a3 0-1


[Site "https://www.chess.com"]

[Event "Titled Tuesday Blitz May 17 Late 2022"]
[White "Vasquez Schroeder, Rodrigo"]
[Black "Barria Zuniga, Daniel"]
[WhiteFideId "3400042"]
[BlackFideId "3400816"]
[WhiteElo "2567"]
[BlackElo "2414"]
[Result "1-0"]
[Round "08"]
[TimeControl "180+1"]
[Date "2022.05.17"]
[WhiteClock "0:00:57"]
[BlackClock "0:00:03"]

1. e4 d5 2. exd5 Qxd5 3. Nc3 Qe5+ 4. Be2 c6 5. d4 Qc7 6. h3 Bf5 7. Nf3 e6 8. O-O Nd7 9. Bd3 Bxd3 10. Qxd3 Ngf6 11. Bg5 Be7 12. Rfe1 O-O 13. Rad1 Rfe8 14. Ne4 Nxe4 15. Qxe4 Bxg5 16. Nxg5 Nf6 17. Qe2 Rad8 18. Nf3 Qb6 19. c4 h6 20. b3 c5 21. dxc5 Qxc5 22. Ne5 Qc7 23. g3 Rxd1 24. Rxd1 Rd8 25. Rxd8+ Qxd8 26. Qe3 b6 27. Kg2 Qd6 28. Nf3 Kf8 29. Nd4 a6 30. Nf3 Ke7 31. Ne5 Nd7 32. Nxd7 Kxd7 33. Qf3 Qc6 34. Qxc6+ Kxc6 35. b4 a5 36. a3 axb4 37. axb4 e5 38. g4 g6 39. h4 Kd6 40. g5 hxg5 41. hxg5 f6 42. gxf6 Ke6 43. c5 bxc5 44. b5 c4 45. Kf1 c3 46. Ke2 e4 47. b6 c2 48. Kd2 e3+ 49. fxe3 1-0


[Site "https://www.chess.com"]

[Event "Titled Tuesday Blitz May 17 Late 2022"]
[White "Zakhartsov, Vladimir"]
[Black "Sjugirov, Sanan"]
[WhiteFideId "4145097"]
[BlackFideId "4189302"]
[WhiteElo "2428"]
[BlackElo "2602"]
[Result "0-1"]
[Round "08"]
[TimeControl "180+1"]
[Date "2022.05.17"]
[WhiteClock "0:00:04"]
[BlackClock "0:00:06"]

1. d4 Nf6 2. c4 e6 3. Nf3 c5 4. Nc3 a6 5. e3 d5 6. dxc5 Bxc5 7. a3 Nc6 8. b4 Ba7 9. Bb2 O-O 10. Be2 dxc4 11. Bxc4 b5 12. Be2 Bb7 13. O-O Rc8 14. Rc1 Qe7 15. Qb3 Bb8 16. h3 h6 17. Rfd1 Ne5 18. Nxe5 Bxe5 19. Bf1 Bb8 20. Ne2 Ne4 21. f3 Rxc1 22. Bxc1 Nd6 23. e4 Nc4 24. Nc3 Qc7 25. Bxc4 bxc4 26. Qc2 Qh2+ 27. Kf1 Ba7 28. Rd7 Qg1+ 29. Ke2 Qxg2+ 30. Kd1 Qxf3+ 31. Ke1 Bb8 32. Ne2 Bxe4 33. Qxc4 Bg3+ 34. Kd1 Bd5 35. Qxa6 Qb3+ 36. Kd2 Bc4 37. Qc6 Qa2+ 38. Kc3 Be5+ 39. Nd4 Qb3+ 40. Kd2 Qd3+ 41. Ke1 Bxd4 42. Qg2 Bc3+ 43. Bd2 Bxd2+ 44. Qxd2 Qf1# 0-1


[Site "https://www.chess.com"]

[Event "Titled Tuesday Blitz May 17 Late 2022"]
[White "Ambartsumova, Karina"]
[Black "Tanenbaum, Zachary"]
[WhiteFideId "4166299"]
[BlackFideId "2060850"]
[WhiteElo "2262"]
[BlackElo "2168"]
[Result "0-1"]
[Round "09"]
[TimeControl "180+1"]
[Date "2022.05.17"]
[WhiteClock "0:00:01"]
[BlackClock "0:00:33"]

1. c4 e5 2. Nc3 Nf6 3. Nf3 Nc6 4. a3 d6 5. g3 g6 6. Bg2 Bg7 7. O-O O-O 8. d3 Bf5 9. Re1 Qd7 10. Nd2 Bh3 11. Bh1 Qf5 12. Nde4 Nxe4 13. Nxe4 Qh5 14. Ng5 Bg4 15. Rb1 h6 16. Nf3 f5 17. b4 e4 18. dxe4 fxe4 19. Qd5+ Qxd5 20. cxd5 exf3 21. dxc6 bxc6 22. exf3 Bf5 23. Rb3 Bd4 24. Be3 Bc2 25. Bxd4 Bxb3 26. Re7 Rf7 27. Re3 Bd5 28. f4 Bxh1 29. Kxh1 a5 30. Rc3 axb4 31. axb4 Ra4 32. Rxc6 Rxb4 33. Be3 Kf8 34. Kg2 Ke8 35. Ra6 Kd7 36. h4 h5 37. Ra8 Rf6 38. Rg8 Re6 39. Rg7+ Kc6 40. f5 gxf5 41. Rg5 d5 42. Rxf5 d4 43. Bf4 d3 44. Rxh5 Rxf4 45. gxf4 d2 0-1


[Site "https://www.chess.com"]

[Event "Titled Tuesday Blitz May 17 Late 2022"]
[White "Amburgy, Ryan"]
[Black "Moral Garcia, Serafin"]
[WhiteFideId "30924820"]
[BlackFideId "2201925"]
[WhiteElo "2066"]
[BlackElo "2228"]
[Result "0-1"]
[Round "09"]
[TimeControl "180+1"]
[Date "2022.05.17"]
[WhiteClock "0:00:06"]
[BlackClock "0:00:20"]

1. Nf3 Nf6 2. c4 g6 3. Nc3 d5 4. cxd5 Nxd5 5. h4 Bg7 6. h5 c5 7. h6 Bf6 8. g3 Nc6 9. Bg2 O-O 10. O-O b6 11. Qb3 Be6 12. Ne4 Nf4 13. Nxf6+ exf6 14. Qb5 Nxg2 15. Kxg2 Qd5 16. b3 Nd4 17. Qd3 Bf5 18. Qc3 Be4 19. Re1 Rfe8 20. Bb2 Re6 21. Rac1 Rae8 22. Qc4 Bxf3+ 23. Kg1 Qxc4 24. Rxc4 Nxe2+ 25. Kh2 Nd4 26. Rxe6 fxe6 27. Bxd4 cxd4 28. Rxd4 Bd5 29. Ra4 Re7 30. b4 f5 31. Kg1 e5 32. Ra3 Kf7 33. Kf1 Ke6 34. Ke2 Kd6 35. Ke3 Rc7 36. d3 Kc6 37. Rc3+ Kb7 38. Rxc7+ Kxc7 39. a4 Kd6 40. f4 a5 41. bxa5 bxa5 42. d4 e4 0-1


[Site "https://www.chess.com"]

[Event "Titled Tuesday Blitz May 17 Late 2022"]
[White "Andreikin, Dmitry"]
[Black "Hansen, Eric"]
[WhiteFideId "4158814"]
[BlackFideId "2606771"]
[WhiteElo "2736"]
[BlackElo "2568"]
[Result "1-0"]
[Round "09"]
[TimeControl "180+1"]
[Date "2022.05.17"]
[WhiteClock "0:00:13"]
[BlackClock "0:00:01"]

1. d4 Nf6 2. c4 e6 3. Nf3 d5 4. g3 Bb4+ 5. Bd2 Be7 6. Bg2 O-O 7. O-O c6 8. Nc3 Nbd7 9. a4 b6 10. Bf4 Ba6 11. cxd5 Nxd5 12. Ne5 Nxe5 13. Bxe5 Nxc3 14. bxc3 Rc8 15. Qd2 c5 16. Rfd1 cxd4 17. cxd4 Qd7 18. a5 Bc4 19. axb6 axb6 20. Qb2 f6 21. Bf4 b5 22. e4 Rfd8 23. Bh3 Qb7 24. d5 f5 25. Qe5 exd5 26. Bxf5 Bf6 27. Qe6+ Kh8 28. e5 d4 29. Qa6 Qxa6 30. Rxa6 Rc5 31. Re1 Be7 32. Ra7 Bf8 33. Bd7 d3 34. e6 Rd5 35. e7 Bxe7 36. Rxe7 d2 37. Bg4 d1=Q+ 38. Bxd1 Rxd1+ 39. Kg2 Bd5+ 40. Kh3 Bg8 41. Be5 R1d7 42. Bxg7# 1-0


[Site "https://www.chess.com"]

[Event "Titled Tuesday Blitz May 17 Late 2022"]
[White "Babazada, Khazar"]
[Black "Ivanisevic, Ivan"]
[WhiteFideId "13413554"]
[BlackFideId "912417"]
[WhiteElo "2406"]
[BlackElo "2495"]
[Result "1-0"]
[Round "09"]
[TimeControl "180+1"]
[Date "2022.05.17"]
[WhiteClock "0:00:11"]
[BlackClock "0:00:05"]

1. Nf3 c5 2. g3 Nc6 3. Bg2 g6 4. d3 Bg7 5. O-O d6 6. Nbd2 h5 7. e4 Bd7 8. Re1 Qc8 9. h4 Nh6 10. Nc4 Ng4 11. c3 O-O 12. a4 Rb8 13. Bg5 b6 14. Rc1 Qa6 15. Na3 Rbe8 16. Nb5 Qc8 17. d4 f5 18. e5 dxe5 19. dxe5 Be6 20. Bf4 Rd8 21. Qe2 Bd5 22. e6 Bxf3 23. Bxf3 Nce5 24. Nxa7 Nxf3+ 25. Qxf3 Qa6 26. Nc6 Rde8 27. b3 Kh7 28. c4 Bf6 29. Rcd1 Qa8 30. Rd7 Rc8 31. Ne5 Qxf3 32. Nxf3 Rcd8 33. Bc7 Rc8 34. Bxb6 Rc6 35. a5 Rfc8 36. Re2 f4 37. gxf4 Kg7 38. Ng5 Nh6 39. Ne4 Nf5 40. Nxf6 Kxf6 41. Ra2 Nd4 42. Rxd4 cxd4 43. Bxd4+ Kxe6 44. a6 Ra8 45. a7 Kf5 46. Be3 Ke4 47. Kf1 Kf3 48. Rc2 Rd6 49. Rc1 Ra6 50. b4 R6xa7 51. Bxa7 Rxa7 52. c5 1-0


[Site "https://www.chess.com"]

[Event "Titled Tuesday Blitz May 17 Late 2022"]
[White "Barria Zuniga, Daniel"]
[Black "Demchenko, Anton"]
[WhiteFideId "3400816"]
[BlackFideId "4160258"]
[WhiteElo "2414"]
[BlackElo "2539"]
[Result "0-1"]
[Round "09"]
[TimeControl "180+1"]
[Date "2022.05.17"]
[WhiteClock "0:00:01"]
[BlackClock "0:00:04"]

1. c4 Nf6 2. g3 g6 3. Bg2 Bg7 4. d4 O-O 5. Nc3 d6 6. e3 Nbd7 7. Nge2 e5 8. O-O c6 9. Qc2 Re8 10. b3 Qe7 11. a4 e4 12. g4 h6 13. Ng3 d5 14. cxd5 cxd5 15. Nb5 Nf8 16. Ba3 Qd8 17. Nc7 Bxg4 18. Nxa8 Qxa8 19. Rfc1 N8h7 20. Qc7 Ng5 21. Bd6 Rc8 22. Qa5 Nf3+ 23. Bxf3 Bxf3 24. Be5 Rc6 25. Bxf6 Bxf6 26. Qxd5 Qc8 27. Rxc6 bxc6 28. Qc4 h5 29. Rc1 h4 30. Qxc6 Qd8 31. Qc8 Kg7 32. Qxd8 Bxd8 33. Rc8 Ba5 34. Nf1 Bd1 35. Rc5 Bb4 36. Rb5 a5 37. Rxb4 axb4 38. a5 Be2 39. Nd2 f5 40. Kg2 Kf6 41. f3 exf3+ 42. Nxf3 g5 43. Nd2 Ke6 44. Kf2 Bb5 45. Nc4 Kd5 46. Nb6+ Kc6 47. Ke1 g4 48. Kf2 Bd3 49. d5+ Kd6 50. Nc4+ Kxd5 51. Nd2 Bb5 52. Kg2 Ke5 53. h3 Kd5 54. Kh2 Kc5 55. hxg4 fxg4 56. e4 Kd4 57. Kg2 Ke5 58. Nc4+ Kd4 0-1


[Site "https://www.chess.com"]